 Dungeon Crawl Stone Soup version 0.29.1-4-g47bece8355 (webtiles) character file.

Game seed: 986850057187083041

49 Hiippo the Ducker (level 3, -4/31 HPs)
             Began as a Gnoll Gladiator on Dec 1, 2022.
             Slain by an orc
             ... wielding a +2 hand axe of flaming
              (5 damage)
             ... on level 3 of the Dungeon.
             The game lasted 00:07:02 (1224 turns).

Hiippo the Ducker (Gnoll Gladiator)                 Turns: 1224, Time: 00:07:03

Health: -4/31      AC:  4    Str: 15    XL:     3   Next: 75%
Magic:  4/4        EV: 14    Int:  7    God:
Gold:   110        SH:  0    Dex: 13    Spells: 4/4 levels left

rFire   . . .      SeeInvis .   a - +0 trident
rCold   . . .      Faith    .   (no shield)
rNeg    . . .      Spirit   .   b - +0 leather armour
rPois   .          Reflect  .   c - +0 helmet
rElec   .          Harm     .   (no cloak)
rCorr   .          Rampage  .   (no gloves)
Will    .....                   (no boots)
Stlth   +.........              (no amulet)
HPRegen 0.10/turn               (no ring)
MPRegen 0.09/turn               (no ring)

@: no status effects
A: fangs 1, strong nose, distributed training
a: no special abilities


You were on level 3 of the Dungeon.
You visited 1 branch of the dungeon, and saw 4 of its levels.

You collected 110 gold pieces.

Inventory:

Hand Weapons
 a - a +0 trident (weapon)
Missiles
 d - 3 throwing nets
 e - a javelin (quivered)
 i - 12 stones
Armour
 b - a +0 leather armour (worn)
 c - a +0 helmet (worn)
 j - a +0 ring mail
Potions
 f - 2 potions of brilliance {unknown}
 g - a potion of ambrosia {unknown}
 h - a potion of lignification {unknown}
 k - a potion of might {unknown}
 l - a potion of heal wounds {unknown}
 m - a potion of cancellation {unknown}
 n - a potion of attraction {unknown}


   Skills:
 + Level 4.6 Fighting
 + Level 1.0 Short Blades
 + Level 1.0 Long Blades
 + Level 1.0 Axes
 + Level 1.0 Maces & Flails
 + Level 6.5 Polearms
 + Level 1.0 Staves
 + Level 1.0 Ranged Weapons
 + Level 4.6 Throwing
 + Level 1.0 Armour
 + Level 6.5 Dodging
 + Level 1.0 Stealth
 + Level 1.0 Shields
 + Level 1.0 Unarmed Combat
 + Level 1.0 Spellcasting
 + Level 0.7 Conjurations
 + Level 0.7 Hexes
 + Level 0.7 Summonings
 + Level 0.7 Necromancy
 + Level 0.7 Translocations
 + Level 0.7 Transmutations
 + Level 0.7 Fire Magic
 + Level 0.7 Ice Magic
 + Level 0.7 Air Magic
 + Level 0.7 Earth Magic
 + Level 0.7 Poison Magic
 + Level 1.0 Invocations
 + Level 1.0 Evocations


You had 4 spell levels left.
You didn't know any spells.
Your spell library contained the following spells:

 Spells                   Type           Power      Damage    Failure   Level
 Freeze                   Ice            4%         1d3       36%         1
 Frozen Ramparts          Ice            2%         1d1       75%         3
 Hailstorm                Conj/Ice       1%         3d3       98%         4


Dungeon Overview and Level Annotations

Branches:
Dungeon (4/15)
 Temple: D:4-7

Altars:


Innate Abilities, Weirdness & Mutations

You have very sharp teeth.
Your uncanny sense of smell can sniff out nearby items.
Your experience applies equally to all skills.


Message History

The orc misses you.
The orc hits you with a +2 hand axe of flaming.
The orc burns you. The orc attacks as you move away!
The orc closely misses you. The orc barely misses you.
The orc throws a boomerang.
The boomerang hits you but does no damage.
The orc misses you.
The orc hits you with a +2 hand axe of flaming.
The orc burns you.
* * * LOW HITPOINT WARNING * * *
The orc throws a boomerang.
The boomerang misses you.
There is an open door here.
You are too injured to fight recklessly!
Reach: a) +0 trident
Press: ? - help, Dir - move target, f - orc
Aim: an orc, wielding a +0 flail (severely wounded, about 38% to evade your +0 trident)
You reach to attack!
You barely miss the orc.
The orc is severely wounded.
You closely miss the orc.
The orc is severely wounded.
The orc hits you but does no damage.
You puncture the orc!
You kill the orc!
You hit the orc.
The orc is lightly wounded.
The orc barely misses you.
You hit the orc but do no damage.
The orc is lightly wounded.
The orc hits you with a +2 hand axe of flaming.
* * * LOW HITPOINT WARNING * * *
The orc burns you.
* * * LOW HITPOINT WARNING * * *
You closely miss the orc.
The orc is lightly wounded.
The orc closely misses you.
You hit the orc. You punch the orc, but do no damage.
The orc is severely wounded.
The orc hits you with a +2 hand axe of flaming.
You die...

###########
#..<......#
#....<....#
#.........#
#.........#
#.........#####
#...o)........#
####o####.....#
### #@# #.....#
#.. #.# #.....#
#.# #.# #....)#
#.#
#.##########
#.#
#..........#
#†#
##########.#
#.# #.#####)#
#.##.....
#.##.....


You could see 2 orcs.

Vanquished Creatures
  An adder (D:3)
  A worm (D:3)
  2 orcs (D:3)
  5 bats
  4 endoplasms (D:1)
  A giant cockroach (D:1)
  4 goblins
  3 hobgoblins
  2 quokkas (D:1)
  4 ball pythons
  A frilled lizard (D:1)
  2 kobolds (D:3)
  A rat (D:1)
31 creatures vanquished.

Notes
Turn   | Place    | Note
-------+----------+-------------------------------------------
     0 | D:1      | Hiippo the Gnoll Gladiator began the quest for the Orb.
     0 | D:1      | Reached XP level 1. HP: 20/20 MP: 1/1
   114 | D:1      | Found a faded altar of an unknown god.
   169 | D:1      | Reached XP level 2. HP: 26/26 MP: 2/2
   549 | D:1      | Reached XP level 3. HP: 30/31 MP: 3/3
   875 | D:2      | You fall into a shaft and drop 2 floors!
  1046 | D:3      | Reached skill level 1 in Invocations
  1096 | D:3      | Reached skill level 1 in Short Blades
  1096 | D:3      | Reached skill level 1 in Long Blades
  1096 | D:3      | Reached skill level 1 in Axes
  1096 | D:3      | Reached skill level 1 in Maces & Flails
  1096 | D:3      | Reached skill level 1 in Staves
  1096 | D:3      | Reached skill level 1 in Ranged Weapons
  1096 | D:3      | Reached skill level 1 in Armour
  1096 | D:3      | Reached skill level 1 in Stealth
  1096 | D:3      | Reached skill level 1 in Shields
  1096 | D:3      | Reached skill level 1 in Unarmed Combat
  1096 | D:3      | Reached skill level 1 in Spellcasting
  1096 | D:3      | Reached skill level 1 in Evocations
  1222 | D:3      | HP: 1/31 [orc/+2 hand axe of flaming (3)]
  1224 | D:3      | Slain by an orc

Illustrated notes

Levels and vault maps discovered:
D:1:      ncdulo_halloftheorcs, layout_basic,
          shapermc_ecumenical_altar_mp_vishouse
D:2:      layout_basic, uniq_natasha, uniq_sigmund
D:3:      layout_basic, mainiacjoe_overflow_small_starburst, tso_metal_star,
          minivault_25
D:4:      layout_loops_cross, reono_crystal_passage, serial_bayou_crossing

Skill      XL: |  1  2  3 |
---------------+----------+-----
Invocations    | 1 |  1.0
Short Blades   | 1 |  1.0
Long Blades    | 1 |  1.0
Axes           | 1 |  1.0
Maces & Flails | 1 |  1.0
Staves         | 1 |  1.0
Ranged Weapons | 1 |  1.0
Armour         | 1 |  1.0
Stealth        | 1 |  1.0
Shields        | 1 |  1.0
Unarmed Combat | 1 |  1.0
Spellcasting   | 1 |  1.0
Evocations     | 1 |  1.0
Fighting       | |  4.6
Polearms       | |  6.5
Throwing       | |  4.6
Dodging        | |  6.5
Conjurations   | |  0.7
Hexes          | |  0.7
Summonings     | |  0.7
Necromancy     | |  0.7
Translocations | |  0.7
Transmutations | |  0.7
Fire Magic     | |  0.7
Ice Magic      | |  0.7
Air Magic      | |  0.7
Earth Magic    | |  0.7
Poison Magic   | |  0.7

Action                   || total
-------------------------++-------
Melee: Trident           ||   110
       Bite              ||     7
       Punch             ||     3
Throw: Javelin           ||     1
 Stab: Sleeping          ||     2
Armor: Leather armour    ||    27
Dodge: Dodged            ||    69
